 Dungeon Crawl Stone Soup version 0.29.1-2-gbd0b4ee654 (webtiles) character file.

Game seed: 18051741111339615314

5010 qeuew the Nimble (level 10, 0/71 HPs)
             Began as a Merfolk Gladiator on Nov 11, 2022.
             Was an Elder of Hepliaklqana.
             Killed by vampiric draining
             ... invoked by a vampire
              (17 damage)
             ... on level 11 of the Dungeon.
             The game lasted 00:17:47 (13459 turns).

qeuew the Nimble (Merfolk Gladiator)               Turns: 13459, Time: 00:17:47

Health: 0/71       AC: 13    Str: 25      XL:     10   Next: 54%
Magic:  9/9        EV: 14    Int:  6 (7)  God:    Hepliaklqana [****..]
Gold:   624        SH:  0    Dex: 16      Spells: 9/9 levels left

rFire   . . .      SeeInvis .   t - +1 trident (protect)
rCold   + . .      Faith    .   (no shield)
rNeg    . . .      Spirit   .   f - +3 chain mail {rC+}
rPois   +          Reflect  .   c - +0 helmet
rElec   .          Harm     .   l - scarf {repulsion}
rCorr   +          Rampage  .   (no gloves)
Will    .....                   (no boots)
Stlth   ..........              (no amulet)
HPRegen 0.21/turn               s - ring of resist corrosion
MPRegen 0.11/turn               n - +6 ring of strength

@: repel missiles
A: reduced essence, (nimble swimmer 2), mertail, deterioration 1, low MP 1,
poison resistance
a: Renounce Religion, Recall Ancestor, Ancestor Identity, Transference, Idealise


You were on level 11 of the Dungeon.
You worshipped Hepliaklqana.
Hepliaklqana was greatly pleased with you.
You visited 2 branches of the dungeon, and saw 12 of its levels.

You collected 624 gold pieces.

Inventory:

Hand Weapons
 t - a +1 trident of protection (weapon)
Missiles
 d - 3 throwing nets (quivered)
 e - a javelin
Armour
 c - a +0 helmet (worn)
 f - a +3 chain mail of cold resistance (worn)
 l - a scarf of repulsion (worn)
Jewellery
 n - a +6 ring of strength (right hand)
 s - a ring of resist corrosion (left hand)
 u - a ring of flight
 v - a ring of protection from cold
Wands
 h - a wand of roots (9)
 r - a wand of flame (9)
 w - a wand of digging (8)
 x - a wand of mindburst (8)
Scrolls
 b - 4 scrolls of fog
 i - 4 scrolls of teleportation
 k - 3 scrolls of amnesia
 m - 2 scrolls of magic mapping
 q - a scroll of enchant armour
 y - a scroll of enchant weapon
Potions
 a - 2 potions of ambrosia
 g - a potion of resistance
 o - a potion of attraction {unknown}


   Skills:
 + Level 7.0 Fighting
 + Level 9.0 Polearms
 + Level 6.5 Throwing
 + Level 4.6 Armour
 * Level 12.2 Dodging
 + Level 0.0 Invocations


You had 9 spell levels left.
You didn't know any spells.
Your spell library contained the following spells:

 Spells                   Type           Power      Damage    Failure   Level
 Gell's Gravitas          Tloc           0%         N/A       100%        3
 Teleport Other           Tloc           0%         N/A       100%        3
 Animate Dead             Necr           0%         N/A       100%        4
 Corpse Rot               Necr/Pois/Air  0%         N/A       100%        4
 Dispel Undead            Necr           0%         3d6       100%        4
 Death Channel            Necr           0%         N/A       100%        6
 Dispersal                Tloc           0%         N/A       100%        6
 Haunt                    Necr/Summ      0%         N/A       100%        7
 Infestation              Necr           0%         N/A       100%        8


Dungeon Overview and Level Annotations

Branches:
Dungeon (11/15)            Temple (1/1) D:4            Lair (0/5) D:11
    Orc (0/2) D:10

Altars:
Cheibriados
Elyvilon
Fedhas
Hepliaklqana
Okawaru
Qazlal
Ru
Sif Muna
Trog
Uskayaw
Vehumet
Wu Jian
Xom
Yredelemnul
Zin
The Shining One


Innate Abilities, Weirdness & Mutations

Your life essence is reduced to manifest your ancestor. (-10% HP)
((You are very nimble when in or above water. (Stealth+, EV+, Speed+++)))
Your lower body shifts to a powerful aquatic tail in water.
Your body sometimes deteriorates upon taking damage.
Your magical capacity is low. (-10% MP)
Your system is resistant to poisons. (rPois)


Message History

No target in view!
No target in view!
No target in view!
No target in view!
No target in view!
No target in view!
You barely miss something.
Desire barely misses something.
Something hits you. Something bites you.
Something draws strength from your injuries!
You swap places.
Desire hits something with a +0 flail!
Something hits you!! Something bites you.
Something draws strength from your injuries!
Throw: 4 throwing nets
Press: ? - help, Q - select action, (/) - cycle Shift-Dir - straight line You throw a throwing net.
Desire hits something with a +0 flail.
Unknown command.
You hit something.
Your weapon exudes an aura of protection.
Something hits you but does no damage. Something bites you but does no damage.
You completely miss something.
Desire hits something with a +0 flail.
Something hits Desire but does no damage.
Something bites Desire.
You barely miss something.
Desire closely misses something.
Something hits you! Something bites you but does no damage.
You closely miss something.
Desire hits something with a +0 flail!
Something hits you. Something bites you but does no damage.
You miss something.
Desire hits something but does no damage.
Something hits you but does no damage. Something bites you but does no damage.
You barely miss something.
Desire hits something with a +0 flail.
You barely miss something. Something hits you!
* * * LOW HITPOINT WARNING * * *
Something bites you!
* * * LOW HITPOINT WARNING * * *
Your body deteriorates!
You feel dopey.
Something draws strength from your injuries!
You feel better.
Desire barely misses something.
Something draws life force from you!
You die...

.. #.# ##.. #..
##'#######
#........#####
#........'..[###
#........###...####
#R@......# ###...!.
#{.......# ######
#........# #
.'........# #
##........# #
#........# #
####+##### # # ##


You could see the friendly Desire the knight.

Vanquished Creatures
  Maggie (D:8)
  A hornet (D:10)
  3 wargs (D:11)
  2 water moccasins
  3 orc warriors
  A sky beast (D:6)
  2 ogres
  A phantom (D:6)
  A bullfrog (D:9)
  A gnoll sergeant (D:7)
  4 scorpions
  2 wights (D:10)
  5 killer bees (D:11)
  A howler monkey (D:6)
  5 orc priests
  5 hounds
  Natasha (twice) (D:4)
  8 iguanas
  5 orc wizards
  6 adders
  13 gnolls
  2 white imps
  2 ufetubi
  A worm (D:2)
  A dart slug (D:2)
  32 orcs
  7 ball pythons
  6 endoplasms
  3 giant cockroaches
  15 goblins
  4 hobgoblins
  4 jackals
  6 kobolds
  4 quokkas
  2 bats
  4 frilled lizards
  7 rats
172 creatures vanquished.

Vanquished Creatures (collateral kills)
  A deep elf pyromancer (D:10)
  A steam dragon (D:8)
  An ice beast (D:6)
  A black bear (D:6)
  A centaur (D:8)
  A kobold brigand (D:10)
  3 gnoll sergeants
  2 scorpions
  A wight (D:10)
  A howler monkey (D:9)
  4 orc priests
  A gnoll bouda (D:9)
  4 orc wizards
  An iguana (D:5)
  6 gnolls
  An adder (D:5)
  A worm (D:5)
  6 orcs
  3 kobolds (D:10)
40 creatures vanquished.

Vanquished Creatures (others)
  2 knights
  An ancestor (D:5)
  An orc (D:4)
  A plant (D:11)
5 creatures vanquished.

Grand Total: 217 creatures vanquished

Notes
Turn   | Place    | Note
-------+----------+-------------------------------------------
     0 | D:1      | qeuew the Merfolk Gladiator began the quest for the Orb.
     0 | D:1      | Reached XP level 1. HP: 16/16 MP: 1/1
   305 | D:1      | Reached XP level 2. HP: 22/22 MP: 2/2
   749 | D:2      | Reached XP level 3. HP: 15/28 MP: 3/3
  1049 | D:2      | Reached skill level 5 in Dodging
  1049 | D:2      | Reached XP level 4. HP: 17/34 MP: 4/4
  1453 | D:3      | Reached skill level 1 in Armour
  1939 | D:3      | Reached XP level 5. HP: 35/40 MP: 5/5
  2072 | D:3      | Found a blossoming altar of Fedhas.
  3004 | D:4      | Reached skill level 6 in Dodging
  3004 | D:4      | Reached XP level 6. HP: 41/47 MP: 6/6
  3040 | D:4      | Found a staircase to the Ecumenical Temple.
  3066 | Temple   | Entered the Ecumenical Temple
  3078 | Temple   | Became a worshipper of Hepliaklqana the Forgotten
  3224 | D:4      | Reached skill level 5 in Polearms
  4013 | D:4      | Reached XP level 7. HP: 52/53 MP: 7/7
  4055 | D:4      | Found an iron altar of Okawaru.
  4058 | D:4      | Found a hide-covered altar of Uskayaw.
  4157 | D:4      | Noticed Natasha
  4172 | D:4      | Killed Natasha
  4173 | D:4      | Reached skill level 7 in Dodging
  4293 | D:4      | Noticed Natasha
  4300 | D:4      | Killed Natasha
  4541 | D:4      | Reached * piety under Hepliaklqana
  4866 | D:5      | Entered Level 5 of the Dungeon
  5795 | D:5      | Reached XP level 8. HP: 47/54 MP: 8/8
  5847 | D:5      | Reached skill level 8 in Dodging
  5941 | D:5      | Found a stormy altar of Qazlal.
  6639 | D:6      | Reached ** piety under Hepliaklqana
  6640 | D:6      | Remembered your ancestor Desire as a knight
  6891 | D:6      | Reached skill level 9 in Dodging
  6897 | D:6      | Reached skill level 5 in Fighting
  7280 | D:6      | You fall into a shaft and drop 2 floors!
  7482 | D:7      | Reached XP level 9. HP: 16/61 MP: 7/9
  7993 | D:7      | Reached skill level 5 in Throwing
  8046 | D:6      | Reached skill level 10 in Dodging
  8371 | D:6      | Found a bloodstained altar of Trog.
  8466 | D:6      | Gained mutation: You are agile. (Dex +4, Str/Int -1)
                  | [potion of mutation]
  8467 | D:6      | Lost mutation: You are agile. (Dex +4, Str/Int -1) [potion
                  | of mutation]
  8467 | D:6      | Gained mutation: Your body sometimes deteriorates upon
                  | taking damage. [potion of mutation]
  8467 | D:6      | Gained mutation: You have an increased reservoir of magic.
                  | (+10% MP) [potion of mutation]
  8467 | D:6      | Gained mutation: You passively map a small area around you.
                  | [potion of mutation]
  8468 | D:6      | Lost mutation: You have an increased reservoir of magic.
                  | (+10% MP) [potion of mutation]
  8468 | D:6      | Lost mutation: You passively map a small area around you.
                  | [potion of mutation]
  8468 | D:6      | Gained mutation: Your magical capacity is low. (-10% MP)
                  | [potion of mutation]
  8468 | D:6      | Gained mutation: Your system is resistant to poisons.
                  | (rPois) [potion of mutation]
  8622 | D:7      | Identified the +7 hand axe of Warghotwe {vamp, rPois}
  9908 | D:8      | Reached *** piety under Hepliaklqana
 10366 | D:8      | Noticed Maggie
 10391 | D:8      | Killed Maggie
 11128 | D:9      | Reached skill level 11 in Dodging
 11770 | D:10     | Entered Level 10 of the Dungeon
 11770 | D:10     | Noticed a hornet
 11777 | D:10     | Killed a hornet
 11798 | D:10     | Reached XP level 10. HP: 69/69 MP: 9/9
 11800 | D:10     | Noticed a deep elf pyromancer
 11812 | D:10     | Killed a deep elf pyromancer
 11978 | D:10     | Found a staircase to the Orcish Mines.
 12334 | D:10     | Reached **** piety under Hepliaklqana
 12430 | D:10     | Found a glowing silver altar of Zin.
 13007 | D:11     | Reached skill level 12 in Dodging
 13387 | D:11     | Found a staircase to the Lair.
 13459 | D:11     | Killed from afar by a vampire

Illustrated notes

Levels and vault maps discovered:
D:1:      scummos_arrival_checkerplants, layout_rooms
D:2:      layout_rooms
D:3:      layout_basic, fedhas_ov_isle_minmay, minmay_tree_intersection
D:4:      layout_layer_cave, nicolae_overflow_squiral, temple_statues,
          minmay_misc_feat_four_crosses, minmay_ogre_servants, uniq_natasha
D:5:      minmay_inner_zag, layout_basic, pf_just_have_faith
D:6:      layout_gridville, kennysheep_mini
D:7:      layout_basic, amcnicky_mini_corridor_feature, st_stairs_10
D:8:      layout_basic, uniq_maggie
D:9:      layout_long_grid
D:10:     layout_loops_cross, nicolae_overflow_hidden_temple,
          minmay_orc_entry_temple_small
D:11:     layout_roguey, erik_lair_orcish_takeover
Temple:   compressed_dpeg_triangle_lava_temple

Skill      XL: |  1  2  3  4  5  6  7  8  9 10 |
---------------+-------------------------------+-----
Dodging        | 5 6 7 9 11 12 | 12.2
Armour         | 1 2 3 4 |  4.6
Fighting       | 3 4 5 6 7 |  7.0
Throwing       | 3 4 5 6 |  6.5
Polearms       | 5 6 7 8 9 |  9.0

Action                   |  1- 3 |  4- 6 |  7- 9 | 10-12 || total
-------------------------+-------+-------+-------+-------++-------
Melee: Trident           |    61 |   265 |   390 |   158 ||   874
       Punch             |       |     3 |     5 |     1 ||     9
Throw: Throwing net      |       |     2 |     2 |     1 ||     5
Invok: Ancestor Identity |       |       |     3 |       ||     3
       Recall Ancestor   |       |       |     3 |       ||     3
       Ancestor Life: Kn |       |       |     1 |       ||     1
       Transference      |       |       |       |     1 ||     1
  Use: Scroll            |     2 |     7 |     8 |     1 ||    18
       Potion            |       |       |     9 |     4 ||    13
 Stab: Held in net/web   |       |     1 |     1 |       ||     2
       Distracted        |       |       |     1 |     1 ||     2
Armor: Ring mail         |    14 |    57 |    16 |       ||    87
       Chain mail        |       |       |   205 |    89 ||   294
Dodge: Dodged            |    20 |   182 |   236 |   107 ||   545
       Repelled          |       |     1 |     1 |     1 ||     3
